2453 views
Uploaded 2021-09-03 05:23:18
Game version 1.32.10
5:25 long 4on4 ladder game on (8)MarketSquare
Saved by Teelo
2453 views
Uploaded 2021-09-03 05:23:18
Game version 1.32.10
5:25 long 4on4 ladder game on (8)MarketSquare

52 units @ 5.4k
/ 0.3k
40 buildings @ 6k
/ 1.6k

| Healing Salve | 1 | 100 |
| total: | 1 | 100g |
| Peon | 7 | 525 | / | 0 |
| Troll Headhunter | 4 | 560 | / | 80 |
| total: | 11 | 1085g | / | 80w |
| Watch Tower | 1 | 110 | / | 80 |
| Orc Burrow | 7 | 1120 | / | 280 |
| War Mill | 1 | 205 | / | 0 |
| Barracks | 1 | 180 | / | 50 |
| Altar of Storms | 1 | 180 | / | 50 |
| Voodoo Lounge | 1 | 130 | / | 30 |
| total: | 12 | 1925g | / | 490w |
| 0:03 | Peon |
| 0:03 | Peon |
| 0:25 | Peon |
| 0:44 | Peon |
| 1:05 | Orc Burrow |
| 1:09 | War Mill |
| 1:13 | Barracks |
| 1:16 | Peon |
| 1:19 | Altar of Storms |
| 1:22 | Peon |
| 1:35 | Orc Burrow |
| 1:46 | Voodoo Lounge |
| 2:06 | Peon |
| 2:24 | Troll Headhunter |
| 2:37 | Troll Headhunter |
| 3:02 | Troll Headhunter |
| 3:06 | Orc Burrow |
| 3:10 | Orc Burrow |
| 3:19 | Watch Tower |
| 3:26 | Healing Salve |
| 3:28 | War Stomp |
| 3:34 | Troll Headhunter |
| 5:06 | Orc Burrow |
| 5:09 | Orc Burrow |
| 5:17 | Orc Burrow |
| Right click | 147 |
| Select | 98 |
| Build/train/purchase | 21 |
| Chat | 10 |
| Use ability | 3 |
| Minimap ping | 2 |

| Peasant | 10 | 750 | / | 0 |
| Footman | 6 | 810 | / | 0 |
| total: | 16 | 1560g | / | 0w |
| Lumber Mill | 1 | 120 | / | 0 |
| Altar of Kings | 1 | 180 | / | 50 |
| Farm | 5 | 400 | / | 100 |
| Barracks | 1 | 160 | / | 60 |
| Blacksmith | 1 | 140 | / | 60 |
| Arcane Vault | 1 | 130 | / | 30 |
| total: | 10 | 1130g | / | 300w |
| 0:05 | Peasant |
| 0:05 | Peasant |
| 0:06 | Peasant |
| 0:20 | Lumber Mill |
| 0:24 | Altar of Kings |
| 0:34 | Farm |
| 0:37 | Peasant |
| 0:56 | Peasant |
| 1:11 | Peasant |
| 1:11 | Peasant |
| 1:16 | Farm |
| 1:25 | Barracks |
| 1:42 | Peasant |
| 1:51 | Peasant |
| 1:54 | Peasant |
| 1:59 | Farm |
| 2:06 | Improved Lumber Harvesting |
| 2:16 | Footman |
| 2:30 | Footman |
| 2:34 | Holy Light |
| 2:45 | Blacksmith |
| 2:59 | Farm |
| 3:06 | Footman |
| 3:24 | Footman |
| 3:47 | Farm |
| 3:51 | Iron Plating |
| 3:57 | Arcane Vault |
| 4:22 | Footman |
| 4:25 | Iron Forged Swords |
| 4:52 | Footman |
| 5:11 | Devotion Aura |
| Right click | 107 |
| Select | 59 |
| Build/train/purchase | 22 |
| Misc. action | 10 |
| Use ability | 4 |

| Acolyte | 4 | 300 | / | 0 |
| Ghoul | 3 | 360 | / | 0 |
| Crypt Fiend | 3 | 645 | / | 120 |
| total: | 10 | 1305g | / | 120w |
| Nerubian Tower | 3 | 300 | / | 60 |
| Crypt | 1 | 200 | / | 50 |
| Altar of Darkness | 1 | 180 | / | 50 |
| Ziggurat | 5 | 750 | / | 250 |
| Tomb of Relics | 1 | 130 | / | 30 |
| Graveyard | 1 | 215 | / | 0 |
| Halls of the Dead | 1 | 320 | / | 210 |
| total: | 9 | 1475g | / | 380w |
| 0:09 | Acolyte |
| 0:09 | Acolyte |
| 0:10 | Acolyte |
| 0:17 | Crypt |
| 0:30 | Altar of Darkness |
| 0:52 | Ziggurat |
| 1:00 | Acolyte |
| 1:16 | Tomb of Relics |
| 1:39 | Ziggurat |
| 1:44 | Ghoul |
| 2:00 | Ghoul |
| 2:08 | Ghoul |
| 2:21 | Ziggurat |
| 2:42 | Graveyard |
| 3:06 | Impale |
| 3:14 | Nerubian Tower |
| 3:16 | Nerubian Tower |
| 3:25 | Halls of the Dead |
| 3:29 | Nerubian Tower |
| 3:42 | Ziggurat |
| 4:01 | Ziggurat |
| 4:15 | Crypt Fiend |
| 4:59 | Crypt Fiend |
| 4:59 | Crypt Fiend |
| Select | 55 |
| Right click | 17 |
| Build/train/purchase | 16 |
| Misc. action | 2 |
| Item give/drop | 1 |

| Wisp | 11 | 660 | / | 0 |
| Huntress | 4 | 780 | / | 80 |
| total: | 15 | 1440g | / | 80w |
| Moon Well | 4 | 720 | / | 160 |
| Altar of Elders | 1 | 180 | / | 50 |
| Hunter's Hall | 1 | 210 | / | 100 |
| Ancient of War | 2 | 300 | / | 120 |
| Ancient of Wonders | 1 | 90 | / | 30 |
| total: | 9 | 1500g | / | 460w |
| 0:06 | Wisp |
| 0:06 | Wisp |
| 0:22 | Wisp |
| 0:22 | Wisp |
| 0:26 | Moon Well |
| 0:29 | Wisp |
| 0:42 | Wisp |
| 1:04 | Altar of Elders |
| 1:11 | Wisp |
| 1:29 | Wisp |
| 1:36 | Hunter's Hall |
| 1:39 | Wisp |
| 2:01 | Ancient of War |
| 2:07 | Moon Well |
| 2:35 | Ancient of War |
| 2:38 | Wisp |
| 2:44 | Pocket Factory |
| 3:06 | Moon Well |
| 3:08 | Huntress |
| 3:31 | Wisp |
| 3:34 | Ancient of Wonders |
| 3:42 | Huntress |
| 4:10 | Moon Well |
| 4:24 | Huntress |
| 4:25 | Huntress |
| 4:43 | Strength of the Moon |
| Right click | 129 |
| Select group | 88 |
| Select | 59 |
| Misc. action | 37 |
| Build/train/purchase | 18 |
| Assign group | 7 |
| Use ability | 1 |
/ 0.4k
27 buildings @ 4k
/ 1k

| Acolyte | 2 | 150 | / | 0 |
| Ghoul | 2 | 240 | / | 0 |
| Crypt Fiend | 5 | 1075 | / | 200 |
| total: | 9 | 1465g | / | 200w |
| Nerubian Tower | 3 | 300 | / | 60 |
| Altar of Darkness | 1 | 180 | / | 50 |
| Crypt | 1 | 200 | / | 50 |
| Graveyard | 1 | 215 | / | 0 |
| Ziggurat | 3 | 450 | / | 150 |
| Tomb of Relics | 1 | 130 | / | 30 |
| Halls of the Dead | 1 | 320 | / | 210 |
| total: | 7 | 1175g | / | 280w |
| 0:04 | Acolyte |
| 0:04 | Acolyte |
| 0:44 | Altar of Darkness |
| 0:47 | Crypt |
| 0:52 | Graveyard |
| 0:57 | Ziggurat |
| 1:15 | Ziggurat |
| 1:29 | Tomb of Relics |
| 1:51 | Ghoul |
| 1:52 | Ghoul |
| 2:16 | Crypt Fiend |
| 2:30 | Ziggurat |
| 2:50 | Carrion Beetles |
| 2:55 | Crypt Fiend |
| 3:33 | Halls of the Dead |
| 4:17 | Crypt Fiend |
| 4:53 | Crypt Fiend |
| 5:07 | Nerubian Tower |
| 5:08 | Nerubian Tower |
| 5:10 | Nerubian Tower |
| 5:18 | Crypt Fiend |
| Right click | 79 |
| Select group | 43 |
| Select | 34 |
| Build/train/purchase | 16 |
| Assign group | 6 |

| Peasant | 8 | 600 | / | 0 |
| Footman | 5 | 675 | / | 0 |
| total: | 13 | 1275g | / | 0w |
| Scout Tower | 1 | 30 | / | 20 |
| Arcane Tower | 1 | 70 | / | 50 |
| Altar of Kings | 1 | 180 | / | 50 |
| Barracks | 1 | 160 | / | 60 |
| Farm | 4 | 320 | / | 80 |
| Arcane Vault | 1 | 130 | / | 30 |
| total: | 8 | 820g | / | 240w |
| 0:03 | Peasant |
| 0:04 | Peasant |
| 0:21 | Altar of Kings |
| 0:31 | Barracks |
| 0:36 | Farm |
| 0:39 | Peasant |
| 0:39 | Peasant |
| 0:56 | Peasant |
| 0:56 | Peasant |
| 1:12 | Farm |
| 1:33 | Footman |
| 1:37 | Footman |
| 1:43 | Scout Tower |
| 1:47 | Footman |
| 1:53 | Farm |
| 2:12 | Arcane Tower |
| 2:15 | Footman |
| 2:28 | Storm Bolt |
| 2:49 | Footman |
| 2:53 | Farm |
| 3:00 | Arcane Vault |
| 3:04 | Peasant |
| 3:04 | Peasant |
| 5:03 | Bash |
| Chat | 208 |
| Select | 51 |
| Right click | 45 |
| Build/train/purchase | 17 |
| Remove unit | 2 |
| Use ability | 1 |

| Peon | 7 | 525 | / | 0 |
| Troll Headhunter | 8 | 1120 | / | 160 |
| Grunt | 1 | 200 | / | 0 |
| total: | 16 | 1845g | / | 160w |
| Altar of Storms | 1 | 180 | / | 50 |
| Orc Burrow | 3 | 480 | / | 120 |
| War Mill | 1 | 205 | / | 0 |
| Barracks | 1 | 180 | / | 50 |
| Voodoo Lounge | 1 | 130 | / | 30 |
| Stronghold | 1 | 315 | / | 190 |
| total: | 7 | 1175g | / | 250w |
| 0:02 | Peon |
| 0:13 | Peon |
| 0:22 | Altar of Storms |
| 0:30 | Peon |
| 0:33 | Orc Burrow |
| 0:44 | Peon |
| 0:48 | War Mill |
| 1:03 | Barracks |
| 1:07 | Peon |
| 1:18 | Peon |
| 1:26 | Peon |
| 1:45 | Orc Burrow |
| 2:03 | Troll Headhunter |
| 2:18 | Grunt |
| 2:19 | Troll Headhunter |
| 2:20 | Feral Spirit |
| 2:33 | Voodoo Lounge |
| 2:41 | Troll Headhunter |
| 2:52 | Troll Headhunter |
| 3:08 | Troll Headhunter |
| 3:10 | Steel Ranged Weapons |
| 3:40 | Troll Headhunter |
| 3:41 | Orc Burrow |
| 4:05 | Troll Headhunter |
| 5:01 | Troll Headhunter |
| 5:02 | Stronghold |
| Right click | 208 |
| Select group | 127 |
| Select | 120 |
| Chat | 65 |
| Build/train/purchase | 23 |
| Assign group | 10 |
| Remove unit | 1 |

| Wisp | 15 | 900 | / | 0 |
| Archer | 4 | 520 | / | 40 |
| total: | 19 | 1420g | / | 40w |
| Altar of Elders | 1 | 180 | / | 50 |
| Moon Well | 2 | 360 | / | 80 |
| Ancient of War | 1 | 150 | / | 60 |
| Ancient of Wonders | 1 | 90 | / | 30 |
| Tree of Ages | 1 | 320 | / | 180 |
| total: | 5 | 780g | / | 220w |
| 0:03 | Wisp |
| 0:03 | Wisp |
| 0:03 | Wisp |
| 0:23 | Altar of Elders |
| 0:29 | Wisp |
| 0:29 | Wisp |
| 0:33 | Moon Well |
| 0:47 | Ancient of War |
| 1:02 | Wisp |
| 1:15 | Wisp |
| 1:15 | Wisp |
| 1:38 | Moon Well |
| 1:50 | Archer |
| 1:56 | Ancient of Wonders |
| 2:00 | Wisp |
| 2:03 | Wisp |
| 2:03 | Wisp |
| 2:09 | Archer |
| 2:24 | Force of Nature |
| 2:42 | Archer |
| 2:42 | Archer |
| 3:15 | Wisp |
| 3:15 | Wisp |
| 3:15 | Wisp |
| 3:16 | Wisp |
| 4:23 | Tree of Ages |
| Chat | 256 |
| Select | 63 |
| Select group | 54 |
| Right click | 44 |
| Use ability | 36 |
| Misc. action | 33 |
| Build/train/purchase | 29 |
| Assign group | 25 |
| Esc | 7 |
⇛